AoeStats
← sasha22221

Hill Fort

507012113Analyzed
2v2 RM · 15d ago on Sep 16, 2026· 56m 0s· 4 players
Game mode
Random Map
Map size
Medium (4 player)
Population
200
Speed
Normal
Resources
Standard
Victory
Conquest
Starting age
Dark Age
Ending age
Imperial Age
RankedLock teamsTeams togetherTeam positionsShared explorationLock speedFull tech treeHidden civsTurbo modeCheats
Victory
Defeat
🇲🇽 Goths · Mexico
943
+18
🇲🇽 Poles · Mexico
937
+18
🇷🇺 Portuguese · Russia
983
-18
🇲🇽 Tatars · Mexico
982
-18
Hurakan_Rush
12:21 Feudal Age
15:08 Double-Bit Axe
15:09 Horse Collar
16:36 Wheelbarrow
20:08 Castle Age
18:31 Gold Mining
20:37 Scale Mail Armor
20:48 Forging
22:00 Hand Cart
21:58 Bow Saw
21:50 Heavy Plow
22:37 Chain Mail Armor
35:35 Imperial Age
33:43 Padded Archer Armor
33:35 Fletching
33:49 Squires
36:46 Leather Archer Armor
36:26 Bodkin Arrow
37:16 Conscription
38:11 Chemistry
37:31 Ballistics
37:36 Anarchy
38:36 Perfusion
41:00 Loom
41:01 Town Watch
Titanjosh11
9:19 Feudal Age
11:43 Double-Bit Axe
17:57 Wheelbarrow
20:10 Castle Age
18:10 Horse Collar
18:51 Scale Barding Armor
19:17 Forging
19:42 Bloodlines
21:14 Light Cavalry
22:04 Husbandry
23:32 Bow Saw
25:04 Iron Casting
26:55 Chain Barding Armor
27:16 Gold Mining
27:54 Hand Cart
29:31 Stone Mining
33:29 Stone Shaft Mining
34:47 Town Watch
38:38 Imperial Age
37:03 Heavy Plow
39:40 Lechitic Legacy
39:41 Conscription
38:43 Winged Hussar
41:28 Blast Furnace
Aleks_Syntek_Oficial
0:30 Loom
12:11 Feudal Age
13:08 Double-Bit Axe
13:05 Horse Collar
16:33 Man-at-Arms
21:08 Castle Age
19:33 Forging
19:23 Scale Mail Armor
21:06 Arson
22:46 Heavy Plow
22:53 Town Watch
23:21 Long Swordsman
33:52 Wheelbarrow
35:03 Hand Cart
35:08 Bow Saw
36:43 Stone Mining
36:44 Gold Mining
37:20 Fletching
37:30 Padded Archer Armor
41:23 Imperial Age
39:36 Ballistics
39:14 Treadmill Crane
39:29 Light Cavalry
40:19 Bloodlines
40:12 Silk Armor
41:14 Town Patrol
41:17 Husbandry
41:31 Scale Barding Armor
41:30 Heavy Cavalry Archer
41:39 Heavy Camel Rider
44:23 Iron Casting
44:08 Chain Barding Armor
43:44 Bodkin Arrow
44:05 Leather Archer Armor
44:44 Two-Handed Swordsman
45:25 Squires
49:07 Blast Furnace
49:00 Conscription
48:38 Murder Holes
49:28 Bracer
49:58 Ring Archer Armor
50:25 Hussar
53:15 Pikeman
54:35 Elite Skirmisher
sasha22221
0:47 Loom
12:42 Feudal Age
13:28 Double-Bit Axe
13:54 Horse Collar
20:34 Castle Age
19:09 Fletching
19:42 Padded Archer Armor
19:49 Scale Mail Armor
19:57 Gold Mining
20:00 Stone Mining
20:55 Wheelbarrow
21:48 Bow Saw
21:41 Heavy Plow
23:14 Hand Cart
22:52 Town Watch
28:30 Pikeman
32:40 Imperial Age
31:23 Masonry
31:56 Forging
31:44 Bodkin Arrow
33:13 Ballistics
34:31 Conscription
36:04 Guilds
36:27 Elite Organ Gun
38:44 Architecture
39:57 Chemistry
38:25 Halberdier
38:53 Gambesons
40:10 Treadmill Crane
40:55 Chain Mail Armor
41:17 Crop Rotation
42:20 Plate Mail Armor
41:52 Bracer
46:59 Iron Casting
47:59 Murder Holes
51:43 Blast Furnace
51:29 Stone Shaft Mining
52:01 Siege Engineers
52:53 Padded Archer Armor
52:46 Treadmill Crane
53:37 Caravan
54:38 Coinage
55:44 Banking
55:39 Fortified Wall
55:51 Bombard Tower
Connection lost

Rejoining the realm…

Still unreachable

The connection could not be restored.

Session expired

The server has moved on; the page needs a fresh start.